 Dungeon Crawl Stone Soup version 0.32-a0-705-g60f2335 (webtiles) character file.

Game seed: 15527994408466473172

460 Dorkslayer the Ruffian (level 7, -1/64 (69) HPs)
             Began as an Octopode Fighter on Mar 14, 2024.
             Slain by a wight
             ... wielding a +2 morningstar of freezing
              (2 damage)
             ... on level 4 of the Dungeon.
             The game lasted 00:06:55 (2764 turns).

Dorkslayer the Ruffian (Octopode Fighter)           Turns: 2764, Time: 00:06:55

HP:   -1/64 (69)    AC: 23    Str: 17    XL:     7   Next: 7%
MP:   7/7           EV:  2    Int: 10    God:
Gold: 138           SH:  5    Dex: 12    Spells: 6/6 levels left

rFire   . .          .
                       - Unarmed
rCold   . . .        a - +1 buckler
rNeg    . . .        (helmet currently unavailable)
rPois   +            (no amulet)
rElec   .            (no ring)
rCorr   .            (no ring)
SInv    .            (no ring)
Will    .....        (no ring)
Stlth   +++          (no ring)
HPRegen 0.30/turn    (no ring)
MPRegen 0.10/turn    (no ring)
                     (no ring)

%: no passive effects
@: tree-form, drained
A: stationary, stasis, torment immunity, boosted hp, almost no armour,
(amphibious), 8 rings, (camouflage 1), (gelatinous body 1), (nimble swimmer 1),
(tentacles)
a: no special abilities


You were on level 4 of the Dungeon.
You were a tree.
You visited 1 branch of the dungeon, and saw 4 of its levels.

You collected 138 gold pieces.

Inventory:

Hand Weapons
 m - a +0 flail
 p - a +0 trident
Missiles
 k - 6 boomerangs (quivered)
Armour
 a - a +1 buckler (worn)
Scrolls
 c - a scroll of enchant armour
 i - a scroll of butterflies {unknown}
 j - a scroll of teleportation {unknown}
 q - a scroll of torment {unknown}
Potions
 b - a potion of might
 e - a potion of attraction {unknown}
 h - a potion of brilliance {unknown}
 n - 2 potions of ambrosia
 o - a potion of heal wounds {unknown}


   Skills:
 + Level 3.5 Fighting
 + Level 3.5 Dodging
 + Level 4.5 Stealth
 + Level 3.4 Shields
 * Level 5.6 Unarmed Combat


You had 6 spell levels left.
You didn't know any spells.
Your spell library was empty.

Dungeon Overview and Level Annotations

Branches:
Dungeon (4/15)
 Temple: D:4-7

Altars:
Ashenzari
Hepliaklqana
Okawaru
Ru
Uskayaw
Vehumet
Wu Jian


Innate Abilities, Weirdness & Mutations

You are a tree.
Your roots penetrate the ground, keeping you stationary.
You cannot be teleported.
You are immune to unholy pain and torment.
Your maximum health is greatly increased.
You cannot wear most types of armour.
((You are amphibious.))
You can wear up to eight rings at the same time.
((Your skin changes colour to match your surroundings (Stealth+).))
((Your rubbery body absorbs attacks. (AC +1, EV +1)))
((You are camouflaged when in or above water. (Stealth+)))
((You have tentacles for arms and can constrict up to eight enemies at once.))


Message History

The adder is almost dead.
You constrict the adder.
You kill the adder!
A scorpion comes into view.
A wight comes into view. It is wielding a +3 mace.
A black bear and a wight come into view.
The black bear growls angrily.
You hear a shout!
The scorpion stings you.
You closely miss the scorpion. You grab the scorpion.
You constrict the scorpion. You block the scorpion's attack.
You tentacle-slap the scorpion but do no damage.
You squeeze the scorpion!
The scorpion is severely wounded.
You constrict the scorpion. The scorpion stings you!
You tentacle-slap the scorpion.
You kill the scorpion!
A wight comes into view.
It is wielding a +2 morningstar of freezing.
You have reached level 7!
A wight comes into view. It is wielding a +2 halberd.
The wight attacks as it pursues you! The wight misses you.
The wight attacks as it pursues you! You block the wight's attack.
A wight comes into view. It is wielding a +0 mace.
The wight attacks as it pursues you!
The wight hits you from afar with a +2 halberd!
The wight attacks as it pursues you! You block the wight's attack.
The black bear bites you. The black bear barely misses you.
The black bear closely misses you. The wight attacks as it pursues you!
The wight hits you with a +2 morningstar of freezing!
* * * LOW HITPOINT WARNING * * *
You feel drained.
* * * LOW HITPOINT WARNING * * *
The wight freezes you.
* * * LOW HITPOINT WARNING * * *
It was a potion of lignification.
You turn into a tree.
Your roots penetrate the ground.
The wight hits you with a +2 morningstar of freezing!
* * * LOW HITPOINT WARNING * * *
You feel drained.
You die...

######.....#####.
#......#......... #####
#.######....####
....####'#...##....#
.............##...###
.............##.#...####
................####.#.#
.............####.....#
##
....##########.#♣.....#
...# ....#
##...hz#.....#.....
....# #†.....#......#
#.###....z#...z.#.....##
#.# .... #......#.###.#
#.# .. #.....###.. ..#
## #.# .....#.###.#
.....# #.## #.# .z..###.
..#.....# #.. #.# #.###
.. ..#...... #..


You could see a black bear and 3 wights.

Vanquished Creatures
  A black bear (D:3)
  An ogre (D:3)
  A bullfrog (D:4)
  A scorpion (D:4)
  A bombardier beetle (D:3)
  An orc wizard (D:3)
  6 adders
  A dart slug (D:2)
  A ribbon worm (D:2)
  2 orcs (D:3)
  4 endoplasms
  4 giant cockroaches
  5 hobgoblins
  4 jackals
  A quokka (D:1)
  4 ball pythons
  A bat (D:3)
  A frilled lizard (D:3)
  6 goblins
  6 kobolds
  5 rats
57 creatures vanquished.

Notes
Turn   | Place    | Note
-------+----------+-------------------------------------------
     0 | D:1      | Dorkslayer the Octopode Fighter began the quest for the
                  | Orb.
     0 | D:1      | Reached XP level 1. HP: 16/16 MP: 1/1
   201 | D:1      | Reached XP level 2. HP: 21/21 MP: 2/2
   642 | D:1      | Found a faded altar of an unknown god.
  1176 | D:2      | Reached skill level 1 in Stealth
  1176 | D:2      | Reached XP level 3. HP: 23/26 MP: 3/3
  1661 | D:3      | Reached XP level 4. HP: 31/31 MP: 4/4
  1785 | D:3      | Reached skill level 3 in Unarmed Combat
  1816 | D:3      | Noticed an ogre
  1823 | D:3      | Killed an ogre
  1824 | D:3      | Reached skill level 4 in Unarmed Combat
  1824 | D:3      | Reached XP level 5. HP: 36/36 MP: 5/5
  2003 | D:3      | Noticed a black bear
  2019 | D:3      | Killed a black bear
  2020 | D:3      | Reached XP level 6. HP: 23/42 MP: 6/6
  2024 | D:3      | Reached skill level 5 in Unarmed Combat
  2555 | D:4      | Found a hide-covered altar of Uskayaw.
  2557 | D:4      | Found an iron altar of Okawaru.
  2558 | D:4      | Found a radiant altar of Vehumet.
  2560 | D:4      | Found an ornate altar of the Wu Jian Council.
  2560 | D:4      | Found a broken altar of Ashenzari.
  2560 | D:4      | Found a sacrificial altar of Ru.
  2561 | D:4      | Found a hazy altar of Hepliaklqana.
  2754 | D:4      | Noticed a black bear
  2759 | D:4      | Reached XP level 7. HP: 37/46 MP: 7/7
  2764 | D:4      | HP: 1/67 [wight/+2 morningstar of freezing (9)]
  2764 | D:4      | Slain by a wight

Illustrated notes

Levels and vault maps discovered:
D:1:      erik_arrival_orb_chamber, layout_loops_corners,
          ebering_ecumenical_altar_webs
D:2:      layout_loops_ring
D:3:      layout_basic
D:4:      nicolae_BIG_FREAKIN_CUBE, layout_basic, nicolae_gozag_seed_capital,
          grunt_temple_overflow_open, gammafunk_temple_overflow_pools,
          nicolae_shop_fire_sale [nicolae_sub_dead_trees], uniq_duvessa

Skill      XL: |  1  2  3  4  5  6 |
---------------+-------------------+-----
Stealth        | 1 2 3 4 |  4.5
Unarmed Combat | 4 5 |  5.6
Fighting       | |  3.5
Dodging        | |  3.5
Shields        | |  3.4

Action                     |  1- 3 |  4- 6 |  7- 9 || total
---------------------------+-------+-------+-------++-------
  Melee: Unarmed           |    73 |    51 |       ||   124
         Constrict         |    19 |    15 |       ||    34
         Tentacles         |     8 |    13 |       ||    21
         Punch             |     2 |     1 |       ||     3
    Use: Potion            |       |     1 |     1 ||     2
         Scroll            |       |     4 |       ||     4
   Stab: Sleeping          |    11 |     4 |       ||    15
 Armour: Skin              |    19 |    24 |     4 ||    47
  Dodge: Dodged            |    23 |    18 |     3 ||    44
  Block: Buckler           |    10 |     7 |     2 ||    19

Table legend: (Time is in decaauts)
 A = Elapsed time spent in this place.
 B = Non-inter-level travel time spent in this place.
 C = Inter-level travel time spent in this place.
 D = Time resting spent in this place.
 E = Time spent auto-exploring this place.
 F = Levels seen in this place.
 G = Mean time per level.
                   A        B        C        D        E       F      G
               +--------+--------+--------+--------+--------+-----+--------+
         Total |   2763 |   2763 |      0 |    100 |   1901 |   4 |  690.8 |
       Dungeon |   2763 |   2763 |      0 |    100 |   1901 |   4 |  690.8 |
               +--------+--------+--------+--------+--------+-----+--------+

Top non-repeatable levels by time:
     D:1: 917 daAuts
     D:3: 836 daAuts
     D:2: 687 daAuts
     D:4: 322 daAuts
